 Dungeon Crawl Stone Soup version 0.30-a0-250-g41c1d76940 (webtiles) character file.

Game seed: 471226404494197048

984 sleeves the Basher (level 7, -2/59 HPs)
             Began as an Armataur Monk on Oct 12, 2022.
             Was a Believer of Okawaru.
             Slain by a gnoll
             ... wielding a +0 club
              (6 damage)
             ... on level 5 of the Dungeon.
             The game lasted 00:09:17 (5396 turns).

sleeves the Basher (Armataur Monk)                  Turns: 5396, Time: 00:09:18

Health: -2/59      AC:  9    Str: 18    XL:     7   Next: 97%
Magic:  8/9        EV: 11    Int: 11    God:    Okawaru [**....]
Gold:   360        SH:  0    Dex: 12    Spells: 6/6 levels left

rFire   . . .      SeeInvis .    r - +4 whip
rCold   . . .      Faith    .    x - orb {light}
rNeg    . . .      Spirit   .    f - +0 ring mail
rPois   +          Reflect  .    (no helmet)
rElec   .          Harm     .    w - +0 cloak
rCorr   .          Roll     +    u - +0 pair of gloves
Will    .....                    (no barding)
Stlth   +.........               (no amulet)
HPRegen 0.29/turn                t - ring of poison resistance
MPRegen 0.11/turn                (no ring)

@: heroic, glowing
A: large, rugged brown scales 3, deformed body, armoured tail, roll, long
tongue, awkward tongue
a: Renounce Religion, Heroism


You were on level 5 of the Dungeon.
You worshipped Okawaru.
Okawaru was pleased with you.
You visited 2 branches of the dungeon, and saw 7 of its levels.

You collected 380 gold pieces.
You spent 20 gold pieces at shops.

Inventory:

Hand Weapons
 m - a +0 short sword of venom
   (You took it off an orc on level 5 of the Dungeon)
 r - a +4 whip (weapon)
   (You took it off an orc on level 4 of the Dungeon)
Missiles
 a - 4 boomerangs
 k - 2 poisoned darts (quivered)
 l - 6 javelins
Armour
 f - a +0 ring mail (worn)
   (You took it off a hobgoblin on level 1 of the Dungeon)
 u - a +0 pair of gloves (worn)
   (You found it on level 5 of the Dungeon)
 w - a +0 cloak (worn)
   (You found it on level 5 of the Dungeon)
 x - an orb of light (worn)
   (You found it on level 6 of the Dungeon)
Jewellery
 t - a ring of poison resistance (left hand)
   (You found it on level 5 of the Dungeon)
Scrolls
 d - 4 scrolls of teleportation
 h - a scroll of enchant weapon {unknown}
 i - a scroll of torment
 q - a scroll of enchant armour {unknown}
 s - a scroll of immolation {unknown}
 v - a scroll of fog {unknown}
Potions
 b - 2 potions of cancellation
 c - a potion of ambrosia
 e - 2 potions of curing
 g - a potion of haste
 j - a potion of attraction {unknown}
 n - 2 potions of heal wounds {unknown}
 o - 4 potions of degeneration
 p - a potion of flight


   Skills:
 - Level 2.6(7.6) Fighting
 + Level 8.2(13.2) Maces & Flails
 - Level 2.1(7.1) Dodging
 - Level 2.1(7.1) Stealth
 + Level 3.2 Invocations


You had 6 spell levels left.
You didn't know any spells.
Your spell library contained the following spells:

 Spells                   Type           Power      Damage    Failure   Level
 Beastly Appendage        Tmut           0%         N/A       52%         1
 Slow                     Hex            0%         N/A       52%         1
 Wereblood                Tmut           0%         N/A       65%         2
 Confusing Touch          Hex            0%         N/A       87%         3
 Gell's Gravitas          Tloc           0%         N/A       87%         3
 Spider Form              Tmut/Pois      0%         N/A       87%         3
 Teleport Other           Tloc           0%         N/A       87%         3
 Vampiric Draining        Necr           0%         2d6       87%         3
 Airstrike                Air            0%         2d(0-16)  99%         4
 Lightning Bolt           Conj/Air       0%         1d11      100%        5
 Dispersal                Tloc           0%         N/A       100%        6
 Summon Lightning Spire   Summ/Air       Unusable   N/A       N/A         4

Dungeon Overview and Level Annotations

Branches:
Dungeon (6/15)             Temple (1/1) D:5

Altars:
Cheibriados
Dithmenos
Elyvilon
Fedhas
Gozag
Hepliaklqana
Makhleb
Nemelex Xobeh
Okawaru
Ru
Sif Muna
Trog
Uskayaw
Vehumet
Wu Jian
Xom
Yredelemnul
Zin

Shops:
D:1 ?   D:3 (

Annotations:
D:2 Terence
D:4 Grinder
D:5 2 runed translucent doors, CertainDeath's ghost, amateur MiRe


Innate Abilities, Weirdness & Mutations

You are completely covered in rugged brown scales. (AC +3, +7% HP)
Armour fits poorly on your strangely shaped body.
You have a long armoured tail.
You roll when moving toward enemies. (Rampage)
Your long tongue fully drains potion bottles. (2x potion effects)
Your tongue gives you trouble enunciating. (1.5x scroll delay)


Message History

The hound attacks as you move away! The hound bites you.
The hound bites you but does no damage. The hound attacks as you move away!
The hound barely misses you.
There is a stone staircase leading up here.
You can't go down here!
The hound bites you. x2
You climb upwards.
Level annotation: Grinder
There is a stone staircase leading down here.
You hit the hound.
Your tail-slap misses the hound.
The hound is heavily wounded.
The hound barely misses you. The hound bites you but does no damage.
You miss the hound.
The hound is heavily wounded.
The hound bites you but does no damage.
You hit the hound.
The hound is almost dead.
The hound bites you but does no damage. The hound barely misses you.
You barely miss the hound.
The hound is almost dead.
The hound bites you.
* * * LOW HITPOINT WARNING * * *
You barely miss the hound.
Your tail-slap misses the hound.
The hound is severely wounded.
The hound bites you.
* * * LOW HITPOINT WARNING * * *
The hound barely misses you.
You hit the hound.
Your tail-slap misses the hound.
The hound is almost dead.
The hound closely misses you. The hound bites you.
* * * LOW HITPOINT WARNING * * *
You miss the hound. You tail-slap the hound.
You kill the hound!
You start resting.
HP restored.
There is a stone staircase leading down here.
You climb downwards.
The orc hits you with a +4 whip.
There is a stone staircase leading up here.
The orc hits you with a +4 whip!
You climb upwards.
Level annotation: Grinder
There is a stone staircase leading down here.
You thump the orc!
You kill the orc!
No target in view!
No target in view!
No target in view!
No target in view!
No target in view!
No target in view!
No target in view!
Things that are here:
a +4 whip; an orc corpse
r - a +4 whip
r - a +4 whip (weapon)
Throw: 6 javelins
Press: ? - help, Q - select action, (/) - cycle Shift-Dir - straight line, f - you
Okay, then.
You drop a +0 mace.
You drop a +0 flail.
As you read the scroll of identify, it crumbles to dust.
g - 2 potions of haste
As you read the scroll of identify, it crumbles to dust.
i - a scroll of torment
There is a stone staircase leading down here.
You start resting.
HP restored.
You climb downwards.
There is a stone staircase leading up, spattered with blood here.
You closely miss the orc priest.
The orc priest invokes the aid of Beogh against you.
Beogh smites you!
You hear a shout!
You barely miss the orc priest.
Your tail-slap misses the orc priest.
You hear a shout!
The orc priest closely misses you.
You climb upwards.
Level annotation: Grinder
There is a stone staircase leading down here.
You whack the orc priest! You tail-slap the orc priest!
You kill the orc priest!
Your Maces & Flails skill increases to level 6!
No target in view!
No target in view!
No target in view!
No target in view!
No target in view!
Things that are here:
a +0 club; an orc corpse
There is a stone staircase leading down here.
You start resting.
HP restored.
You climb downwards.
The orc hits you with a +0 hand axe. x2
There is a stone staircase leading up, spattered with blood here.
You barely miss the orc. The orc hits you but does no damage.
You barely miss the orc. You closely miss the orc.
The orc hits you with a +0 hand axe.
You closely miss the orc. You tail-slap the orc.
The orc is severely wounded.
The orc hits you with a +0 hand axe.
You hit the orc.
You kill the orc!
No target in view!
You start resting.
An orc comes into view. It is wielding a +0 whip.
Things that are here:
a +0 hand axe; an orc corpse You hit the orc.
The orc is severely wounded.
The orc closely misses you.
You barely miss the orc.
The orc is heavily wounded.
You hit the orc.
Your tail-slap misses the orc.
The orc is severely wounded.
The orc hits you with a +0 whip.
You hit the orc.
You kill the orc!
An orc comes into view.
It is wielding a +0 short sword of venom.
An orc is nearby!
An orc is nearby!
Things that are here:
a +0 whip; a +0 leather armour No target in view!
HP restored.
An orc is nearby!
The orc shouts!
The orc throws a boomerang.
The boomerang hits you. The orc barely misses you.
You barely miss the orc. You tail-slap the orc.
The orc is moderately wounded.
The orc barely misses you.
You hit the orc.
The orc is severely wounded.
The orc barely misses you.
A worm comes into view.
You hit the orc but do no damage.
The orc is severely wounded.
You hit the orc.
You kill the orc!
You roll towards the worm!
You whack the worm!
The worm is heavily wounded.
The worm completely misses you.
You whack the worm!
The worm is almost dead.
You barely miss the worm.
The worm is almost dead.
The worm barely misses you.
You hit the worm but do no damage.
The worm is almost dead.
You hit the worm.
You kill the worm!
No target in view!
a - 2 boomerangs
Things that are here:
a +0 short sword of venom; a +0 leather armour
m - a +0 short sword of venom
Things that are here:
a +0 whip; a +0 leather armour You pick up a There-And-Back Book and begin reading...
You add the spells Gell's Gravitas, Teleport Other and Dispersal to your library.
You now have enough gold to buy a glowing demon whip on D:3.
You can access your shopping list by pressing '$'.
You now have 324 gold pieces (gained 15).
Found a hide-covered altar of Uskayaw.
q - a scroll of identify
Found two stone staircases leading down.
You now have 331 gold pieces (gained 7).
There is a stone staircase leading down here.
An adder comes into view.
You hit the adder. You tail-slap the adder!
You kill the adder!
No target in view!
No target in view!
You now have 343 gold pieces (gained 12).
An adder comes into view.
An adder is nearby!
An adder is nearby!
You roll towards the adder!
You roll towards the adder!
The helpless adder fails to defend itself.
You whack the adder!
You kill the adder!
No target in view!
No target in view!
Found an escape hatch in the ceiling.
An ogre comes into view. It is wielding a +0 giant club.
Found a stone staircase leading up.
An ogre is nearby!
There is an escape hatch in the ceiling here.
A mysterious force pulls you upwards. The hatch slams shut behind you.
Level annotation: Grinder Menkaure shouts!
Menkaure casts a spell at you. Pain shoots through your body!
You feel yourself speed up.
You hit Menkaure.
Menkaure is moderately damaged.
Menkaure hits you but does no damage.
You whack Menkaure!
Menkaure is severely damaged.
You hit Menkaure.
Menkaure is severely damaged.
Menkaure hits you!
* * * LOW HITPOINT WARNING * * *
You barely miss Menkaure.
Your tail-slap misses Menkaure.
Menkaure is severely damaged.
You whack Menkaure!
You destroy Menkaure!
You have reached level 6!
Found a scroll labelled TASASE BECYF.
s - a scroll labelled TASASE BECYF Your extra speed is starting to run out.
You feel yourself slow down.
HP restored.
Found a There-And-Back Book.
q - 2 scrolls of identify (gained 1)
There is a stone staircase leading down here.
As you read the scroll of identify, it crumbles to dust.
o - 4 potions of degeneration
As you read the scroll of identify, it crumbles to dust.
p - a potion of flight You barely miss the necrophage.
Your punch misses the necrophage. The necrophage hits you.
You feel drained.
You hit the necrophage.
The necrophage is lightly damaged.
The necrophage barely misses you.
You hit the necrophage.
The necrophage is moderately damaged.
You closely miss the necrophage. You tail-slap the necrophage!
The necrophage is severely damaged.
The necrophage hits you but does no damage.
You hit the necrophage.
The necrophage is severely damaged.
The necrophage hits you.
You hit the necrophage but do no damage.
The necrophage is severely damaged.
The necrophage closely misses you.
You barely miss the necrophage.
The necrophage is severely damaged.
You hit the necrophage but do no damage.
Your tail-slap misses the necrophage.
The necrophage is severely damaged.
The necrophage hits you.
You feel drained.
You hit the necrophage.
Your tail-slap misses the necrophage.
The necrophage is almost destroyed.
The necrophage hits you.
You feel drained.
You closely miss the necrophage.
The necrophage is almost destroyed.
The necrophage hits you.
You feel drained.
You whack the necrophage!
You destroy the necrophage!
Your Maces & Flails skill increases to level 7!
No target in view!
No target in view!
No target in view!
No target in view!
No target in view!
No target in view!
No target in view!
No target in view!
No target in view!
No target in view!
q - a scroll labelled RUECOT IKUGH
There is a stone staircase leading down here.
There is a stone staircase leading up here.
There is a stone staircase leading up here.
Done exploring.
Done exploring.
(D) Dungeon
Where to? (Enter - D:3 @ (x,y), ? - help)
There is a stone staircase leading up here.
You climb upwards.
There is a stone staircase leading down here.
Done exploring.
Done exploring.
Done exploring.
(D) Dungeon
Where to? (Enter - D:3, ? - help)
There is a stone staircase leading up here.
You climb upwards.
Level annotation: Terence
There is a stone staircase leading down here.
There is an open door here.
You open the door. You open the door.
There is an open door here.
Terence shouts!
Terence is nearby!
Press: ? - help, v - describe, . - travel
Here: Terence, wielding a +0 vorpal hand axe and wearing a +1 chain mail of poison resistance The floor.
Unknown command.
Unknown command.
Unknown command.
You aren't carrying any items that you can evoke.
You see here a frilled lizard skeleton.
There is a stone staircase leading down here.
Terence screams, "I want your blood!"
You climb downwards.
There is a stone staircase leading up here.
Done exploring.
Done exploring.
Done exploring.
(D) Dungeon
Where to? (Enter - D:2, ? - help)
There is a stone staircase leading down here.
You climb downwards.
Level annotation: Grinder
There is a stone staircase leading up here.
Done exploring.
Done exploring.
Done exploring.
(D) Dungeon
Where to? (Enter - D:4, ? - help)
There is an escape hatch in the floor here.
There is a stone staircase leading down here.
You climb downwards.
There is a stone staircase leading up, spattered with blood here.
Things that are here:
a +0 hand axe; an orc skeleton
Things that are here:
a +0 leather armour; a +0 whip An orc comes into view.
It is wielding a +0 club.
An orc is nearby!
The orc shouts!
You whack the orc!
You kill the orc!
No target in view!
No target in view!
You see here a +0 club.
An orc comes into view. It is wielding a +0 club.
The orc shouts!
An orc is nearby!
An orc is nearby!
You whack the orc!
You kill the orc!
No target in view!
No target in view!
You see here a +0 club.
Found 3 stones.
A jackal comes into view.
You roll towards the jackal!
The jackal barks!
A jackal comes into view.
You roll towards the jackal!
Found a blackened pearl ring.
The jackal barks!
You miss the jackal. The jackal bites you.
You barely miss the jackal.
Your tail-slap misses the jackal.
You hit the jackal.
You kill the jackal!
The jackal bites you.
You barely miss the jackal. The jackal barely misses you.
You hit the jackal.
The jackal is almost dead.
The jackal bites you but does no damage.
You completely miss the jackal.
The jackal is severely wounded.
The jackal bites you but does no damage.
You hit the jackal.
You kill the jackal!
No target in view!
No target in view!
No target in view!
No target in view!
No target in view!
No target in view!
No target in view!
No target in view!
A jackal comes into view.
A jackal is nearby!
The jackal barks!
You roll towards the jackal!
You hit the jackal.
The jackal is severely wounded.
The jackal closely misses you.
You barely miss the jackal.
The jackal is severely wounded.
The jackal bites you but does no damage.
You closely miss the jackal.
Your tail-slap misses the jackal.
The jackal is severely wounded.
The jackal barely misses you.
You hit the jackal.
The jackal is almost dead.
The jackal bites you but does no damage.
The jackal closely misses you.
You barely miss the jackal.
The jackal is almost dead.
The jackal closely misses you.
You hit the jackal.
You kill the jackal!
You see here a jackal corpse.
t - a ring of poison resistance
t - a ring of poison resistance (left hand)
You see here a +0 club.
Found a runed translucent door.
Found a robe.
The adder hisses angrily.
CertainDeath's ghost turns its malevolent gaze towards you.
You see here a +0 club.
You see here 3 stones.
A scorpion comes into view.
Found a pair of gloves.
You roll towards the scorpion!
You hit the scorpion.
The scorpion is moderately wounded.
The scorpion stings you.
You closely miss the scorpion.
The scorpion is moderately wounded.
The scorpion stings you but does no damage.
You hit the scorpion.
The scorpion is heavily wounded.
The scorpion barely misses you.
You hit the scorpion.
The scorpion is heavily wounded.
The scorpion misses you.
You completely miss the scorpion.
The scorpion is heavily wounded.
The scorpion closely misses you.
You hit the scorpion.
You tail-slap the scorpion, but do no damage.
The scorpion is heavily wounded.
You closely miss the scorpion.
The scorpion is heavily wounded.
The scorpion stings you but does no damage.
You hit the scorpion.
The scorpion is severely wounded.
The scorpion closely misses you.
You hit the scorpion but do no damage.
Your tail-slap misses the scorpion.
The scorpion is severely wounded.
The scorpion stings you.
You are poisoned.
The scorpion poisons you!
You hit the scorpion but do no damage.
The scorpion is severely wounded.
You feel sick.
The scorpion stings you but does no damage.
You hit the scorpion but do no damage.
The scorpion is severely wounded.
You feel sick.
You hit the scorpion. You tail-slap the scorpion.
The scorpion is almost dead.
You feel sick. The scorpion closely misses you.
You hit the scorpion but do no damage.
The scorpion is almost dead.
You feel sick. The scorpion stings you.
You hit the scorpion.
You kill the scorpion!
You feel sick.
Your life force feels restored.
You have reached level 7!
You feel sick.
You feel sick.
You feel sick.
You feel sick.
You are no longer poisoned.
HP restored.
You see here a scorpion corpse.
u - a +0 pair of gloves You start putting on your armour.
You continue putting on your +0 pair of gloves. x4
You finish putting on your +0 pair of gloves.
You now have 349 gold pieces (gained 6).
There is a fountain of clear blue water here.
a - 4 boomerangs (gained 2)
Found a rapier.
Found a stone.
An orc comes into view. It is wielding a +0 short sword.
You roll towards the orc!
An orc comes into view. It is wielding a +0 club.
A black bear and an orc priest come into view.
The orc shouts!
The orc priest shouts!
The black bear growls angrily.
The orc priest calls down the wrath of Beogh upon you.
Beogh smites you!
You see here a +0 club.
CertainDeath's ghost turns its malevolent gaze towards you.
The bullfrog gives a loud, deep croak!
The adder hisses angrily.
The bullfrog swells and bulges.
You roll towards the orc!
You roll towards the orc!
The orc hits you with a +0 club.
You closely miss the orc. You closely miss the orc. You closely miss the orc.
The orc misses you.
You hit the orc.
Your tail-slap misses the orc.
The orc is lightly wounded.
The orc hits you but does no damage. The orc misses you.
You hit the orc but do no damage.
The orc is lightly wounded.
You whack the orc!
You kill the orc!
The orc hits you with a +0 short sword.
You closely miss the orc.
Your tail-slap misses the orc.
The orc hits you with a +0 short sword.
You whack the orc!
The orc is almost dead.
The orc barely misses you.
You barely miss the orc. You tail-slap the orc.
You kill the orc!
No target in view!
No target in view!
No target in view!
No target in view!
No target in view!
You see here a +0 club.
Found a stone staircase leading down.
An iguana comes into view.
The iguana hisses angrily.
An iguana is nearby!
You roll towards the iguana!
You roll towards the iguana!
The iguana bites you but does no damage.
You hit the iguana.
Your tail-slap misses the iguana.
The iguana is lightly wounded.
The iguana bites you!
You hit the iguana.
The iguana is moderately wounded.
The iguana bites you but does no damage.
You hit the iguana.
The iguana is heavily wounded.
The iguana bites you but does no damage.
You barely miss the iguana.
The iguana is heavily wounded.
You hit the iguana.
The iguana is severely wounded.
The iguana bites you.
You hit the iguana.
The iguana is almost dead.
The iguana bites you!
You hit the iguana but do no damage.
The iguana is almost dead.
The iguana barely misses you.
You hit the iguana but do no damage. You tail-slap the iguana.
You kill the iguana!
No target in view!
No target in view!
A worm comes into view.
A worm is nearby!
A worm is nearby!
A worm comes into view.
A worm comes into view.
The ogre shouts!
The worm closely misses you.
You barely miss the worm. You hit the worm but do no damage.
The worm completely misses you.
You barely miss the worm. You tail-slap the worm!
The worm is heavily wounded.
The worm closely misses you.
You barely miss the worm.
The worm is heavily wounded.
The worm bites you!
You hit the worm.
The worm is heavily wounded.
The worm barely misses you.
You whack the worm!
The worm is almost dead.
The worm bites you.
You hit the worm.
You kill the worm!
The worm closely misses you.
You barely miss the ogre. You tail-slap the ogre.
The ogre is moderately wounded.
You whack the ogre!
The ogre is heavily wounded.
The ogre hits you with a +0 giant club!
A worm comes into view.
The worm bites you but does no damage.
You are too injured to fight recklessly!
There is a stone staircase leading up, spattered with blood here.
You climb upwards.
Level annotation: Grinder
There is a stone staircase leading down here.
There is a stone staircase leading down here.
You climb downwards.
Level annotation: 1 runed translucent door, CertainDeath's ghost, amateur MiRe The jelly quivers.
There is a stone staircase leading up here.
A jelly is nearby!
A jelly is nearby!
You roll towards the jelly!
Found 9 gold pieces.
You whack the jelly!
Your hands burn!
You tail-slap the jelly!
You kill the jelly!
No target in view!
HP restored.
You now have 358 gold pieces (gained 9).
Found a chain mail.
You see here a +0 chain mail.
Found a leather armour.
Found an escape hatch in the floor.
v - a scroll labelled BUNEZI RIWIOK You see here a stone.
You see here a stone.
There is an escape hatch in the floor here.
You see here a +0 leather armour.
Found a staircase to the Ecumenical Temple.
(D) Dungeon (T) Temple
Where to? (Enter - D:4 @ (x,y), ? - help)
Found a dagger.
There is a staircase to the Ecumenical Temple here.
You climb downwards.
Welcome to the Ecumenical Temple!
Found three altars.
There is a staircase back to the Dungeon here.
There is a shadowy altar of Dithmenos here.
Found a glowing silver altar of Zin.
Found a shimmering altar of Xom.
Found a shimmering blue altar of Sif Muna.
Found a sparkling altar of Nemelex Xobeh.
Found three altars.
Found a white marble altar of Elyvilon and an iron altar of Okawaru.
Found a snail-covered altar of Cheibriados.
Found a radiant altar of Vehumet.
Found a bloodstained altar of Trog.
Found a blossoming altar of Fedhas.
Key pressed, stopping explore.
Done exploring.
Done exploring.
Done exploring.
Done exploring.
Done exploring.
Done exploring.
Done exploring.
Done exploring.
Done exploring.
Done exploring.
Done exploring.
Done exploring.
Done exploring.
Done exploring.
Done exploring.
Done exploring.
Done exploring.
Done exploring.
Search for what [Enter for "alt", or ? for help]? oka
There is a sacrificial altar of Ru here.
There is an iron altar of Okawaru here.
You kneel at the altar of Okawaru.
Okawaru welcomes you!
You can now gain great but temporary skills.
Unknown command.
Press < or > to pray at altars.
Unknown command.
Press < or > to pray at altars.
Unknown command.
Press < or > to pray at altars.
Done exploring.
Done exploring.
(D) Dungeon (T) Temple
Where to? (Enter - Temple @ (x,y), ? - help)
There is a staircase back to the Dungeon here.
You climb upwards.
Welcome back to the Dungeon!
Level annotation: 1 runed translucent door, CertainDeath's ghost, amateur MiRe
There is a staircase to the Ecumenical Temple here.
Unknown command.
Found a sling.
w - a +0 cloak
d - 4 scrolls of teleportation (gained 1)
The adder hisses angrily.
Found a runed translucent door.
b - 2 potions of cancellation (gained 1)
Found a pair of gloves.
You see here a +0 sling.
You see here a +0 rapier.
An orc priest is nearby!
An orc priest is nearby!
An orc priest is nearby!
No target in view!
A black bear is nearby!
The black bear growls angrily.
You roll towards the black bear!
The black bear bites you. The black bear closely misses you.
The black bear barely misses you.
You whack the black bear!
The black bear is moderately wounded.
You barely miss the black bear.
Your tail-slap misses the black bear.
The black bear is moderately wounded.
The black bear barely misses you. The black bear claws you. x2
You hit the black bear.
The black bear is moderately wounded.
The black bear bites you.
The black bear claws you but does no damage. x2
You closely miss the black bear.
The black bear is moderately wounded.
The black bear bites you. The black bear claws you.
The black bear barely misses you.
You are too injured to fight recklessly!
You are too injured to fight recklessly!
You are too injured to fight recklessly!
You are too injured to fight recklessly!
You are too injured to fight recklessly!
You are too injured to fight recklessly!
You are too injured to fight recklessly!
You are too injured to fight recklessly!
You are too injured to fight recklessly!
You closely miss the black bear.
The black bear is moderately wounded.
You whack the black bear!
The black bear is severely wounded.
The black bear bites you.
The black bear claws you but does no damage.
The black bear claws you.
You closely miss the black bear.
The black bear is severely wounded.
The black bear bites you. The black bear claws you.
* * * LOW HITPOINT WARNING * * *
The black bear claws you.
* * * LOW HITPOINT WARNING * * *
You whack the black bear!
The black bear is almost dead.
The black bear goes berserk!
You hit the black bear.
You kill the black bear!
Okawaru is honoured by your kill.
Your Invocations skill increases to level 1!
You start resting.
HP restored.
Things that are here:
a +0 leather armour; a +0 short sword; a +0 club You see here a +0 club.
A worm is nearby!
A worm is nearby!
A worm is nearby!
You roll towards the worm!
You roll towards the worm!
You hit the worm.
The worm is lightly wounded.
The worm bites you but does no damage.
You hit the worm.
The worm is lightly wounded.
You whack the worm!
The worm is heavily wounded.
The worm barely misses you.
You whack the worm!
The worm is severely wounded.
You whack the worm!
You kill the worm!
Okawaru accepts your kill.
No target in view!
No target in view!
No target in view!
An ogre is nearby!
An ogre is nearby!
The ogre shouts!
Throw: 2 darts (poison)
Press: ? - help, Q - select action, (/) - cycle Shift-Dir - straight line, f - ogre
Aim: an ogre, wielding a +0 giant club (73% to hit)
You throw a poisoned dart. The poisoned dart hits the ogre.
You hit the ogre. You tail-slap the ogre.
The ogre is moderately wounded.
The ogre closely misses you.
You whack the ogre!
The ogre is severely wounded.
You barely miss the ogre.
Your tail-slap misses the ogre.
The ogre is severely wounded.
The ogre hits you with a +0 giant club!!
You closely miss the ogre. You tail-slap the ogre.
The ogre is almost dead.
You whack the ogre!
You kill the ogre!
Okawaru accepts your kill.
Your Invocations skill increases to level 2!
You see here a +0 giant club.
k - 2 poisoned darts (gained 1)
The worm falls through a shaft!
The shaft crumbles and collapses.
A worm is nearby!
You roll towards the worm!
You roll towards the worm!
The worm barely misses you.
There is a shaft here.
You hit the worm.
The worm is moderately wounded.
You barely miss the worm.
Your tail-slap misses the worm.
The worm is moderately wounded.
The worm bites you but does no damage.
You hit the worm.
The worm is heavily wounded.
You barely miss the worm.
The worm is heavily wounded.
The worm bites you.
You whack the worm!
You kill the worm!
Okawaru accepts your kill.
You whack the worm!
The worm is heavily wounded.
You completely miss the worm.
The worm is heavily wounded.
The worm bites you but does no damage.
You completely miss the worm.
The worm is heavily wounded.
You hit the worm. You tail-slap the worm.
The worm is almost dead.
You hit the worm.
You kill the worm!
Okawaru accepts your kill.
No target in view!
No target in view!
No target in view!
No target in view!
No target in view!
No target in view!
No target in view!
No target in view!
No target in view!
No target in view!
No target in view!
No target in view!
Done exploring.
Done exploring.
Done exploring.
Done exploring.
(D) Dungeon (T) Temple
Where to? (Enter - D:5, ? - help)
There is a stone staircase leading down here.
You climb downwards.
There is a stone staircase leading up here.
A jelly comes into view.
An adder comes into view.
The jelly moves out of view.
An adder is nearby!
An adder is nearby!
You whack the jelly!
Your hands burn!
You tail-slap the jelly.
The jelly is severely wounded.
You whack the jelly!
You kill the jelly!
Okawaru accepts your kill.
Your Maces & Flails skill increases to level 8!
No target in view!
No target in view!
HP restored.
An adder is nearby!
An adder is nearby!
The adder closely misses you.
You hit the adder.
The adder is moderately wounded.
The adder completely misses you.
You completely miss the adder.
Your tail-slap misses the adder.
The adder is moderately wounded.
The adder bites you.
You closely miss the adder.
Your tail-slap misses the adder.
The adder is moderately wounded.
The adder bites you but does no damage.
You whack the adder!
The adder is almost dead.
The adder closely misses you.
You miss the adder.
The adder is almost dead.
The adder completely misses you.
You miss the adder.
The adder is almost dead.
The adder closely misses you.
You hit the adder.
You kill the adder!
Okawaru accepts your kill.
No target in view!
No target in view!
No target in view!
No target in view!
A sky beast comes into view.
Found a runed orb.
A sky beast is nearby!
A sky beast is nearby!
You closely miss the sky beast.
The sky beast hits you but does no damage.
You hit the sky beast. You tail-slap the sky beast!
The sky beast is moderately wounded.
You hit the sky beast.
Your tail-slap misses the sky beast.
The sky beast is heavily wounded.
The sky beast hits you. The sky beast shocks you.
You closely miss the sky beast. You tail-slap the sky beast!
The sky beast is severely wounded.
The sky beast hits you but does no damage.
You hit the sky beast.
The sky beast is severely wounded.
You closely miss the sky beast.
The sky beast is severely wounded.
The sky beast barely misses you.
You barely miss the sky beast.
The sky beast is severely wounded.
The sky beast closely misses you.
You hit the sky beast.
The sky beast is almost dead.
You hit the sky beast.
You kill the sky beast!
Okawaru accepts your kill.
No target in view!
No target in view!
No target in view!
No target in view!
You see here a sky beast corpse.
You see here an orb of light.
x - an orb of light You start putting on your armour.
You continue putting on your orb of light. x4
You finish putting on your orb of light.
Magic restored.
You start putting on your armour.
You continue putting on your +0 cloak. x4
You finish putting on your +0 cloak.
You see here a sky beast corpse.
An adder comes into view.
The adder hisses angrily.
An adder is nearby!
An adder is nearby!
You barely miss the adder. The adder barely misses you.
You whack the adder! You tail-slap the adder.
You kill the adder!
Okawaru accepts your kill.
No target in view!
You see here an adder corpse.
Found a stone staircase leading up.
You now have 360 gold pieces (gained 2).
A centaur comes into view.
Found a twisted bronze wand.
The centaur shouts!
You hear a shout! x2
The centaur wields a +0 shortbow.
The centaur shoots an arrow.
The arrow misses you.
A gnoll comes into view. It is wielding a +0 spear.
The gnoll shouts!
The centaur shoots an arrow.
The arrow hits you.
The centaur shoots an arrow.
The arrow hits you.
A gnoll comes into view. It is wielding a +0 club.
A gnoll comes into view. It is wielding a +0 whip.
The gnoll shouts!
The centaur unwields a +0 shortbow.
The centaur barely misses you.
The centaur kicks you but does no damage.
You hit the centaur.
The centaur is lightly wounded.
The centaur hits you. The centaur kicks you.
You hit the centaur.
The centaur is moderately wounded.
The centaur hits you.
The centaur kicks you but does no damage.
A gnoll comes into view.
It is wielding a +0 club and wearing a +2 scale mail of poison resistance.
You barely miss the centaur.
The centaur is moderately wounded.
The gnoll shouts!
The centaur hits you. The centaur barely misses you.
The gnoll throws a throwing net.
The throwing net hits you.
You become entangled in the net!
You are held in a net!
You struggle against the net.
The centaur hits you but does no damage.
The centaur kicks you but does no damage.
The centaur hits you but does no damage.
The centaur kicks you but does no damage.
The gnoll hits you but does no damage.
You struggle against the net.
The centaur barely misses you.
The centaur kicks you but does no damage.
You struggle against the net.
The centaur hits you.
The centaur kicks you but does no damage.
The centaur hits you but does no damage.
The centaur kicks you but does no damage.
You rip the net and break free!
The centaur hits you but does no damage.
The centaur kicks you.
The gnoll hits you from afar with a +0 spear!
The centaur wields a +0 shortbow.
The centaur shoots an arrow.
The arrow hits you!
* * * LOW HITPOINT WARNING * * *
The centaur shoots an arrow.
The arrow hits you!
* * * LOW HITPOINT WARNING * * *
The centaur shoots an arrow.
The arrow hits you.
* * * LOW HITPOINT WARNING * * *
You gain the combat prowess of a mighty hero.
The centaur shoots an arrow.
The arrow hits you but does no damage.
Okay, then.
The centaur shoots an arrow.
The arrow hits you but does no damage. The gnoll closely misses you.
The centaur shoots an arrow.
The arrow hits you.
* * * LOW HITPOINT WARNING * * *
You start resting.
The centaur shoots an arrow.
The arrow closely misses you.
The centaur unwields a +0 shortbow.
The centaur hits you.
* * * LOW HITPOINT WARNING * * *
The centaur kicks you.
* * * LOW HITPOINT WARNING * * *
The gnoll hits you with a +0 whip.
* * * LOW HITPOINT WARNING * * *
The gnoll hits you from afar with a +0 spear.
* * * LOW HITPOINT WARNING * * *
You whack the centaur!
You tail-slap the centaur, but do no damage.
The centaur is heavily wounded.
The centaur hits you but does no damage.
The centaur kicks you but does no damage.
You hit the centaur but do no damage. You tail-slap the centaur!
The centaur is almost dead.
The gnoll barely misses you. The gnoll hits you but does no damage.
You whack the centaur!
You kill the centaur!
Okawaru accepts your kill.
Your Invocations skill increases to level 3!
The gnoll throws a throwing net.
The throwing net misses you.
The gnoll throws a throwing net.
The throwing net hits you.
You become entangled in the net!
There is a stone staircase leading up here.
You see here a throwing net.
You tear a large gash into the net.
You struggle against the net.
You shred the net and break free! The gnoll barely misses you.
The gnoll barely misses you. The gnoll closely misses you.
The gnoll hits you but does no damage.
You climb upwards.
Level annotation: 2 runed translucent doors, CertainDeath's ghost, amateur MiRe
There is a stone staircase leading down here.
You can't go up here!
You hit the gnoll.
The gnoll is heavily wounded.
The gnoll hits you with a +0 club.
You die...

#......# #. #....#.#
###[ #.#.##.# #..)
#.#.##.# #.#<
#.#.##.##########.#O
#.#.................
#.#..#######.#......
#.#..# #.#.##.##
#.#@g# #......#
##.#.g# #...####
####.....# #.###
##....###.# #.#
#...#####.#######.#
#.................#
#..#######......###
#.......w..###..#
#..#.###.#.# #..#


You could see 2 gnolls.

Vanquished Creatures
  Menkaure (D:4)
  A black bear (D:5)
  A sky beast (D:6)
  An ogre (D:5)
  A centaur (D:6)
  A necrophage (D:4)
  A scorpion (D:5)
  2 jellies
  An orc priest (D:4)
  A hound (D:4)
  An iguana (D:5)
  3 iron imps (D:4)
  8 adders
  A white imp (D:3)
  6 worms
  9 orcs
  3 ball pythons
  3 endoplasms
  3 giant cockroaches
  4 goblins
  6 hobgoblins
  3 jackals (D:5)
  2 quokkas
  2 bats (D:1)
  2 frilled lizards (D:2)
  4 kobolds
  6 rats
77 creatures vanquished.

Notes
Turn   | Place    | Note
-------+----------+-------------------------------------------
     0 | D:1      | sleeves the Armataur Monk began the quest for the Orb.
     0 | D:1      | Reached XP level 1. HP: 19/19 MP: 1/1
   127 | D:1      | Reached skill level 3 in Maces & Flails
   138 | D:1      | Found Wexuar's Magic Scroll Boutique.
   197 | D:1      | Bought a scroll of identify for 20 gold pieces
   218 | D:1      | Reached XP level 2. HP: 26/26 MP: 2/2
   653 | D:2      | Reached XP level 3. HP: 29/32 MP: 3/3
   813 | D:2      | Reached skill level 4 in Maces & Flails
   839 | D:2      | Found a faded altar of an unknown god.
  1115 | D:2      | Noticed Terence
  1418 | D:3      | Reached XP level 4. HP: 39/39 MP: 4/4
  1986 | D:3      | Found Begiv's Antique Weapon Emporium.
  2281 | D:4      | Noticed a necrophage
  2621 | D:4      | Found a burning altar of Makhleb.
  2651 | D:4      | HP: 13/39 [iron imp/+0 war axe (8)]
  2654 | D:4      | Reached skill level 5 in Maces & Flails
  2764 | D:4      | Reached XP level 5. HP: 42/44 MP: 5/5
  2901 | D:4      | Noticed Grinder
  2903 | D:4      | Paralysed by Grinder for 4 turns
  2920 | D:5      | Entered Level 5 of the Dungeon
  2953 | D:4      | HP: 22/44 [hound (4)]
  3097 | D:4      | Reached skill level 6 in Maces & Flails
  3216 | D:5      | Found a hide-covered altar of Uskayaw.
  3304 | D:5      | Noticed an ogre
  3328 | D:4      | Noticed Menkaure
  3332 | D:4      | HP: 21/44 [Menkaure (13)]
  3334 | D:4      | Killed Menkaure
  3335 | D:4      | Reached XP level 6. HP: 26/53 MP: 6/6
  3570 | D:4      | Reached skill level 7 in Maces & Flails
  4051 | D:5      | Found a runed translucent door.
  4052 | D:5      | Noticed CertainDeath's ghost (amateur MiRe)
  4091 | D:5      | Reached XP level 7. HP: 47/59 MP: 7/7
  4566 | D:5      | Found a staircase to the Ecumenical Temple.
  4575 | Temple   | Entered the Ecumenical Temple
  4698 | Temple   | Became a worshipper of Warmaster Okawaru
  4698 | Temple   | Reached * piety under Okawaru
  4698 | Temple   | Reached ** piety under Okawaru
  4818 | D:5      | Found a runed translucent door.
  4935 | D:5      | HP: 29/59 [black bear (3)]
  4938 | D:5      | Reached skill level 1 in Invocations
  5089 | D:5      | Reached skill level 2 in Invocations
  5251 | D:6      | Reached skill level 8 in Maces & Flails
  5376 | D:6      | HP: 27/59 [centaur/arrow (8)]
  5378 | D:6      | HP: 13/59 [centaur/arrow (5)]
  5383 | D:6      | HP: 9/59 [centaur (3)]
  5383 | D:6      | HP: 1/59 [gnoll/+0 spear (4)]
  5387 | D:6      | Reached skill level 3 in Invocations
  5396 | D:5      | Slain by a gnoll

Illustrated notes

Levels and vault maps discovered:
D:1:      dpeg_arrival_rhombi, layout_basic, serial_shops, shop_coins
D:2:      layout_basic, chequers_ecumenical_altar_simple, uniq_terence
D:3:      layout_loops_ring, serial_shops, nicolae_lakefront_shop
D:4:      layout_basic, demons_altar, uniq_grinder, uniq_menkaure
D:5:      layout_loops_ring, mainiacjoe_overflow_cross_hatched,
          minmay_temple_entry_wispy, ebering_ghost_sewer_f, solitary_fountain,
          nicolae_wormholes
D:6:      layout_cave_pods, evilmike_ruin_ashenzari, tso_metal_star,
          uniq_eustachio
Temple:   kb_temple_of_zot

Skill      XL: |  1  2  3  4  5  6  7 |
---------------+----------------------+-----
Maces & Flails | 3 4 5 6 7 8 |  8.2
Invocations    | 3 |  3.2
Fighting       | |  2.6
Dodging        | |  2.1
Stealth        | |  2.1

Action                   |  1- 3 |  4- 6 |  7- 9 || total
-------------------------+-------+-------+-------++-------
Melee: Mace              |    91 |    68 |       ||   159
       Tailslap          |    10 |    15 |    14 ||    39
       Punch             |     2 |     2 |       ||     4
       Whip              |       |    68 |    83 ||   151
Throw: Dart              |     2 |       |     1 ||     3
Invok: Heroism           |       |       |     1 ||     1
  Use: Scroll            |     3 |     4 |       ||     7
       Potion            |       |     1 |       ||     1
 Stab: Sleeping          |     3 |     1 |       ||     4
Armor: Robe              |     5 |       |       ||     5
       Ring mail         |    29 |    30 |    32 ||    91
Dodge: Dodged            |    38 |    50 |    35 ||   123

Table legend: (Time is in decaauts)
 A = Elapsed time spent in this place.
 B = Non-inter-level travel time spent in this place.
 C = Inter-level travel time spent in this place.
 D = Time resting spent in this place.
 E = Time spent auto-exploring this place.
 F = Levels seen in this place.
 G = Mean time per level.
                   A        B        C        D        E       F      G
               +--------+--------+--------+--------+--------+-----+--------+
         Total |   5378 |   4970 |    408 |    419 |   3517 |   7 |  768.3 |
       Dungeon |   5225 |   4867 |    358 |    419 |   3425 |   6 |  870.8 |
        Temple |    152 |    103 |     49 |      0 |     92 |   1 |  152.0 |
               +--------+--------+--------+--------+--------+-----+--------+

Top non-repeatable levels by time:
     D:4: 1482 daAuts
     D:5: 1284 daAuts
     D:3: 935 daAuts
     D:2: 819 daAuts
     D:1: 514 daAuts
     D:6: 190 daAuts
  Temple: 152 daAuts
